 Dungeon Crawl Stone Soup version 0.26-a0-854-gdc81c2f471 (webtiles) character file.

Game seed: 6995302611014869149

9909 Peloso the Carver (level 11, -7/101 HPs)
             Began as a Minotaur Abyssal Knight on Nov 23, 2020.
             Was a High Priest of Lugonu.
             Mangled by a freezing wraith (9 damage)
             ... in an ice cave.
             The game lasted 00:22:54 (12356 turns).

Peloso the Carver (Minotaur Abyssal Knight)        Turns: 12356, Time: 00:22:54

Health: -7/101     AC: 17    Str: 19    XL:     11   Next: 29%
Magic:  11/11      EV:  7    Int:  9    God:    Lugonu [*****.]
Gold:   542        SH:  7    Dex: 14    Spells: 10/10 levels left

rFire    + . .     SeeInvis .   a - +2 scimitar (flame)
rCold    + . .     Faith    .   I - +2 buckler
rNeg     . . .     Spirit   .   f - +0 plate armour
rPois    .         Reflect  .   M - +0 hat {MR+}
rElec    .         Harm     .   (no cloak)
rCorr    .         Rampage  .   (no gloves)
MR       +....                  D - +0 pair of boots
Stlth    ..........             (no amulet)
HPRegen  0.26/turn              x - ring of the Aged Spirits {rF+ Dex+3 Slay+3}
MPRegen  0.12/turn              r - ring of protection from cold

@: hasted and slowed
A: retaliatory headbutt, horns 2
a: Depart the Abyss, Bend Space, Banish, Corrupt, Enter the Abyss, Renounce
Religion


You were in an ice cave.
You worshipped Lugonu.
Lugonu was extremely pleased with you.
You visited 2 branches of the dungeon, and saw 12 of its levels.
You visited the Abyss 1 time.
You also visited: Ice Cave.

You collected 542 gold pieces.

Inventory:

Hand Weapons
 a - a +2 scimitar of flaming (weapon)
 b - a +1 falchion
Armour
 f - a +0 plate armour (worn)
 D - a +0 pair of boots (worn)
 I - a +2 buckler (worn)
 M - a +0 hat of magic resistance (worn)
Jewellery
 m - an uncursed ring of resist corrosion
 o - an uncursed ring of poison resistance
 r - a ring of protection from cold (right hand)
 u - an uncursed ring of wizardry
 x - the ring of the Aged Spirits (left hand) {rF+ Dex+3 Slay+3}
   (You found it on level 6 of the Dungeon)

   [ring of protection from fire]

   It affects your dexterity (+3).
   It affects your accuracy and damage with ranged weapons and melee attacks
   (+3).
   It protects you from fire.
 J - an uncursed ring of protection from magic
Wands
 g - a wand of random effects (12)
 n - a wand of flame (33)
 t - a wand of acid (21)
 z - a wand of paralysis (17)
 A - a wand of iceblast (6)
 H - a wand of enslavement (8)
 K - a wand of digging (7)
Scrolls
 c - 2 scrolls of identify
 d - 15 scrolls of remove curse
 h - 3 scrolls of fear
 i - a scroll of noise
 k - a scroll of magic mapping
 l - a scroll of enchant armour
 p - 2 scrolls of teleportation
 v - 2 scrolls of immolation {unknown}
 y - 2 scrolls of fog
 B - 2 scrolls of blinking
 C - 2 scrolls of amnesia
 G - a scroll of brand weapon
Potions
 j - a potion of invisibility
 q - 2 potions of haste
 s - 4 potions of brilliance
 w - a potion of flight
 E - a potion of curing
 F - a potion of cancellation
 N - a potion of might
Miscellaneous
 L - a box of beasts


   Skills:
 + Level 10.7 Fighting
 + Level 13.1 Long Blades
 + Level 12.2 Armour
 + Level 1.7 Dodging
 + Level 1.2 Stealth
 + Level 3.5 Shields
 + Level 2.0 Invocations
 + Level 0.3 Evocations


You had 10 spell levels left.
You didn't know any spells.
Your spell library contained the following spells:

 Spells                   Type           Power        Failure   Level
 Animate Skeleton         Necr           #.....       100%        1
 Apportation              Tloc           #.....       100%        1
 Corona                   Hex            #......      100%        1
 Summon Small Mammal      Summ           #...         100%        1
 Bolt of Magma            Conj/Fire/Erth #.........   100%        5
 Iskenderun's Battlesphe  Conj           #.......     100%        5
 Iron Shot                Conj/Erth      #.........   100%        6
 Orb of Destruction       Conj           #.........   100%        7
 Spellforged Servitor     Conj/Summ      #.........   100%        7


Dungeon Overview and Level Annotations

Branches:
Dungeon (11/15)            Temple (1/1) D:5            Lair (0/6) D:11
    Orc (0/2) D:10          IceCv (1/1)

Altars:
Ashenzari
Dithmenos
Fedhas
Hepliaklqana
Nemelex Xobeh
Qazlal
Uskayaw
Xom
Zin
The Shining One

Shops:
D:7 }   D:9 *   D:10 :   D:11 (}[


Innate Abilities, Weirdness & Mutations

You reflexively headbutt those who attack you in melee.
You have a pair of horns on your head.


Message History

The freezing wraith is moderately damaged.
You hit the freezing wraith but do no damage.
Your headbutt misses the freezing wraith.
The freezing wraith is moderately damaged.
The freezing wraith hits you.
* * * LOW HITPOINT WARNING * * *
The freezing wraith freezes you! You resist.
* * * LOW HITPOINT WARNING * * *
The freezing wraith hits you but does no damage.
You hit the freezing wraith but do no damage.
You headbutt the freezing wraith.
The freezing wraith is moderately damaged.
You block the freezing wraith's attack.
The freezing wraith hits you but does no damage.
You slice the freezing wraith!! You burn the freezing wraith.
You headbutt the freezing wraith, but do no damage.
The freezing wraith is almost destroyed.
The freezing wraith hits you but does no damage.
The freezing wraith hits you!
You die...

#..## ####..####
##.#....#.##
#..........##
............##
.............####
#...............##
##........###....##
####...### ###.@.#
. ##### ##W.# ..
#...# ... ##..##
...# ##..## ...#
##..###...#
#.......# ##....###
######


You could see a freezing wraith.

Vanquished Creatures
  A hydra (D:11)
  Erica (D:9)
  A centaur warrior (D:10)
  A manticore (D:11)
  A gargoyle (D:10)
  Maggie (D:10)
  A freezing wraith (IceCv)
  4 slime creatures (D:8)
  A centaur simulacrum (D:10)
  5 yaks (D:10)
  2 wyverns (D:10)
  A death yak simulacrum (IceCv)
  2 wargs (D:10)
  A water moccasin (D:10)
  5 orc warriors
  7 ice beasts
  3 sky beasts
  3 black bears
  3 ogres
  5 centaurs
  9 bullfrogs
  A wyvern zombie (D:10)
  2 scorpions
  A jelly (D:10)
  A howler monkey (D:4)
  A vampire bat (D:5)
  2 electric eels (D:10)
  2 bullfrog zombies
  4 orc priests
  A gnoll shaman (D:6)
  2 hounds
  2 orc wizards
  An iguana (D:8)
  7 worker ants
  2 polar bear simulacra (IceCv)
  A wolf simulacrum (IceCv)
  3 hound skeletons
  3 worker ant zombies
  9 adders
  6 gnolls
  A shadow imp (D:10)
  5 white imps (IceCv)
  2 ufetubi
  3 adder zombies
  An ooze (D:3)
  3 worms
  A dart slug (D:2)
  3 fire bats (D:5)
  5 leopard geckos
  32 orcs
  2 spectral bats (D:5)
  3 bat skeletons (D:5)
  A bat zombie (D:5)
  8 giant cockroaches
  6 goblins
  7 hobgoblins
  13 jackals
  6 kobolds
  A quokka (D:6)
  6 ball pythons
  16 bats
  A bat simulacrum (D:5)
  2 frilled lizards
  A jackal zombie (D:9)
  A quokka skeleton (D:9)
  11 rats
250 creatures vanquished.

Vanquished Creatures (others)
  37 fungi (D:11)
  35 plants
  5 toadstools (D:5)
77 creatures vanquished.

Grand Total: 327 creatures vanquished

Notes
Turn   | Place    | Note
-------+----------+-------------------------------------------
     0 | Abyss:1  | Peloso the Minotaur Abyssal Knight began the quest for the
                  | Orb.
     0 | Abyss:1  | Reached XP level 1. HP: 19/19 MP: 1/1
   121 | Abyss:1  | Noticed a raiju
   122 | D:1      | Escaped the Abyss
   257 | D:1      | Reached XP level 2. HP: 26/27 MP: 2/2
   654 | D:2      | Reached * piety under Lugonu
   669 | D:1      | Reached XP level 3. HP: 30/34 MP: 3/3
  1149 | D:2      | Reached skill level 3 in Long Blades
  1149 | D:2      | Reached XP level 4. HP: 39/41 MP: 4/4
  1423 | D:3      | Reached skill level 5 in Fighting
  2484 | D:4      | Reached XP level 5. HP: 39/48 MP: 5/5
  2608 | D:4      | Reached ** piety under Lugonu
  2609 | D:4      | Reached skill level 4 in Long Blades
  2770 | D:4      | Found a broken altar of Ashenzari.
  3151 | D:4      | Noticed an ice beast
  3166 | D:4      | Killed an ice beast
  3167 | D:4      | Reached XP level 6. HP: 28/57 MP: 6/6
  3666 | D:4      | Reached skill level 5 in Armour
  3870 | D:5      | Entered Level 5 of the Dungeon
  3884 | D:5      | Found a staircase to the Ecumenical Temple.
  3939 | Temple   | Entered the Ecumenical Temple
  4333 | D:5      | Reached skill level 5 in Long Blades
  4638 | D:5      | Reached XP level 7. HP: 63/63 MP: 7/7
  4703 | D:5      | Reached *** piety under Lugonu
  4901 | D:6      | Got a faintly glowing silver ring
  4903 | D:6      | Identified the ring of the Aged Spirits {rF+ Dex+3 Slay+3}
                  | (You found it on level 6 of the Dungeon)
  5073 | D:6      | Reached skill level 6 in Long Blades
  5748 | D:6      | Reached skill level 7 in Long Blades
  5863 | D:6      | Reached XP level 8. HP: 23/71 MP: 8/8
  6273 | D:7      | Found Cymib's Gadget Boutique.
  6365 | D:7      | Found a hide-covered altar of Uskayaw.
  6365 | D:7      | Found a shadowy altar of Dithmenos.
  6370 | D:7      | Found a blossoming altar of Fedhas.
  6372 | D:7      | Found a stormy altar of Qazlal.
  6374 | D:7      | Found a hazy altar of Hepliaklqana.
  6675 | D:7      | Reached skill level 8 in Long Blades
  7551 | D:8      | Noticed a slime creature
  7565 | D:8      | Killed a slime creature
  7566 | D:8      | Reached skill level 9 in Long Blades
  7566 | D:8      | Reached skill level 1 in Stealth
  7591 | D:8      | Noticed a slime creature
  7592 | D:8      | Noticed a slime creature
  7593 | D:8      | Noticed a slime creature
  8028 | D:8      | Reached XP level 9. HP: 24/81 MP: 9/9
  8372 | D:8      | HP: 4/81 [slime creature (7)]
  8926 | D:8      | Found a shimmering altar of Xom.
  9083 | D:9      | Reached skill level 10 in Long Blades
  9088 | D:9      | Reached **** piety under Lugonu
  9111 | D:9      | Found a glowing golden altar of the Shining One.
  9194 | D:9      | Noticed Erica
  9210 | D:9      | Killed Erica
  9211 | D:9      | Reached skill level 10 in Armour
  9492 | D:9      | Found Luoxos's General Store.
  9945 | D:10     | Entered Level 10 of the Dungeon
  9958 | D:10     | Reached XP level 10. HP: 74/91 MP: 10/10
 10044 | D:10     | Found a staircase to the Orcish Mines.
 10046 | D:10     | Noticed Maggie
 10066 | D:10     | Reached skill level 11 in Long Blades
 10079 | D:10     | Killed Maggie
 10787 | D:10     | Noticed a gargoyle
 10815 | D:10     | Killed a gargoyle
 10816 | D:10     | Reached skill level 1 in Shields
 10911 | D:10     | Got an ancient platinum ring
 10915 | D:10     | Noticed a centaur warrior
 10924 | D:10     | Killed a centaur warrior
 10925 | D:10     | Reached skill level 10 in Fighting
 10925 | D:10     | Reached skill level 12 in Long Blades
 10928 | D:10     | Identified the ring of the Catfish {Ice *Corrode Int+4
                  | Dex+2} (You found it on level 10 of the Dungeon)
 11307 | D:10     | Reached XP level 11. HP: 95/101 MP: 11/11
 11316 | D:10     | Reached ***** piety under Lugonu
 11430 | D:10     | Found Boiguaw's Book Emporium.
 11762 | D:11     | Found Odumm's Antique Weapon Boutique.
 11766 | D:11     | Found Beiryeg's Gadget Shoppe.
 11774 | D:11     | Noticed a five-headed hydra
 11781 | D:11     | Killed a one-headed hydra
 11812 | D:11     | Found Lisareh's Antique Armour Shop.
 11816 | D:11     | Found a frozen archway.
 11826 | IceCv    | Entered an ice cave
 12214 | IceCv    | Reached skill level 13 in Long Blades
 12354 | IceCv    | HP: 2/101 [freezing wraith (9)]
 12356 | IceCv    | Mangled by a freezing wraith

Illustrated notes

Levels and vault maps discovered:
D:1:      eino_arrival_druids_welcome, layout_rooms
D:2:      layout_rooms
D:3:      layout_basic
D:4:      layout_gridville, portal_sewer_entry_b, cheibrodos_ashenzari_chains
D:5:      layout_gridville, minmay_temple_entry_statues_fountains,
          minmay_gold_behind_fungi, goddamned_bats
D:6:      layout_loops_corners, hex_medium
D:7:      layout_basic, chequers_temple_overflow_minitemple, serial_shops, shop
D:8:      layout_layer_cave, lemuel_coloured_pillars_altar
D:9:      layout_roguey, tso_altar, serial_shops, shop, serial_bayou_pond_b,
          uniq_erica
D:10:     layout_basic, david_orc_3, serial_shops, kennysheep_little_box,
          chequers_mini_garden, minmay_pinched_square, uniq_maggie
D:11:     layout_rooms, due_lair_maze_entry_diamond, portal_ice_cave_entry_imps,
          serial_shops, kennysheep_mini_moat, nicolae_shop_crystal, shop,
          nicolae_shop_stone
Temple:   regret_index_temple_waves
IceCv:    ice_cave_small_necro

Skill      XL: |  1  2  3  4  5  6  7  8  9 10 11 |
---------------+----------------------------------+-----
Fighting       | 4 5 6 7 9 10 | 10.7
Armour         | 3 4 5 6 8 10 11 12 | 12.2
Invocations    | 2 |  2.0
Long Blades    | 3 4 5 7 9 10 12 13 | 13.1
Stealth        | 1 |  1.2
Shields        | 2 3 |  3.5
Dodging        | |  1.7
Evocations     | |  0.3

Action                   |  1- 3 |  4- 6 |  7- 9 | 10-12 || total
-------------------------+-------+-------+-------+-------++-------
Melee: Falchion          |   100 |   188 |   263 |       ||   551
       Headbutt          |    12 |    33 |    81 |    54 ||   180
       Scimitar          |       |       |    28 |   204 ||   232
Invok: Depart the Abyss  |     1 |       |       |       ||     1
Evoke: Wand              |       |       |       |     4 ||     4
  Use: Potion            |     2 |     2 |     1 |     1 ||     6
       Scroll            |       |       |    10 |    10 ||    20
Armor: Leather armour    |     7 |       |       |       ||     7
       Plate armour      |   108 |   187 |   209 |   113 ||   617
Dodge: Dodged            |    52 |    61 |   108 |    53 ||   274
Block: Buckler           |       |       |     7 |    50 ||    57
       Rpst.: Falchion   |    18 |    16 |    28 |       ||    62
       Scimitar          |       |       |       |    10 ||    10

Table legend: (Time is in decaauts)
 A = Elapsed time spent in this place.
 B = Non-inter-level travel time spent in this place.
 C = Inter-level travel time spent in this place.
 D = Time resting spent in this place.
 E = Time spent auto-exploring this place.
 F = Levels seen in this place.
 G = Mean time per level.
                   A        B        C        D        E       F      G
               +--------+--------+--------+--------+--------+-----+--------+
         Total |  12333 |  12049 |    284 |   1325 |   8553 |  14 |  880.9 |
       Dungeon |  11675 |  11391 |    284 |    993 |   8332 |  11 | 1061.4 |
        Temple |     13 |     13 |      0 |      0 |      1 |   1 |   13.0 |
         Abyss |    122 |    122 |      0 |      0 |    120 |   1 |  122.0 |
      Ice Cave |    522 |    522 |      0 |    332 |    100 |   1 |  522.0 |
               +--------+--------+--------+--------+--------+-----+--------+

Top non-repeatable levels by time:
    D:10: 1778 daAuts
     D:4: 1550 daAuts
     D:6: 1480 daAuts
     D:7: 1465 daAuts
     D:8: 1291 daAuts
     D:3: 918 daAuts
     D:9: 908 daAuts
     D:5: 892 daAuts
     D:1: 759 daAuts
     D:2: 558 daAuts
   IceCv: 522 daAuts
 Abyss:1: 122 daAuts
    D:11: 73 daAuts
  Temple: 13 daAuts
